Lightning vs Oilers

Created - 21 novembre 2017 at 07:07

Goals
1 2 3 T
Lightning 1 1 0 2
Oilers 2 1 0 3
Shots
1 2 3 T
Lightning 8 10 15 33
Oilers 7 16 12 35

1st period

1. Oilers , Seth Jones 3 (Connor McDavid 12, Jordan Eberle 7) at 10:53
2. Lightning , Matt Cullen 6 (Radim Vrbata 5, Jonathan Marchessault 3) at 16:20
3. Oilers , Mikael Backlund 10 (Jordan Eberle 8) at 18:38

Penalties :
Vince Dunn (EDM) for Roughing (Minor) at 7:33, Nick Foligno (TAM) for Hooking (Minor) at 18:41

2nd period

4. Oilers , Jordan Eberle 6 (Justin Abdelkader 7, Zbynek Michalek 2) at 2:09
5. Lightning , Nick Foligno 9 (Ryan Nugent-Hopkins 11) at 11:20 (PP)

Penalties :
Vince Dunn (EDM) for Hooking (Minor) at 5:13, Vernon Fiddler (EDM) for Diving (Minor) at 11:18, Corey Perry (EDM) for Slashing (Minor) at 11:56

3rd period

No Goal

Penalties :
No Penalty

Goalie Stats

Braden Holtby (TAM), 32 saves from 35 shots - (0,914), L, 9-3-3, 60:00 minutes
Thomas Greiss (EDM), 31 saves from 33 shots - (0,939), W, 7-4-4, 60:00 minutes

Players Stats for Lightning

Player Name              G  A  P  +/- PIM S  H  SB GA TA FO     MP     PP MP  PK MP  
------------------------------------------------------------------------------------
Andrej Sekera            0  0  0  -2  0   1  0  1  1  2  0/0    25:43   4:33   0:32 
Antoine Vermette         0  0  0   0  0   2  1  1  1  0  8/16   18:04   3:51   0:09 
Carl Soderberg           0  0  0   0  0   1  0  0  0  0  3/3     7:29   0:00   0:00 
Colin Miller             0  0  0   0  0   0  2  0  0  0  0/0    15:15   0:00   0:00 
Dennis Seidenberg        0  0  0   0  0   3  1  2  1  1  0/0    19:14   1:26   1:27 
Drew Stafford            0  0  0   0  0   0  2  1  1  0  0/0     8:12   0:00   0:41 
Johnny Boychuk           0  0  0   0  0   2  2  2  0  3  0/0    20:28   4:33   0:32 
Jonathan Marchessault    0  1  1   0  0   7  0  0  2  0  0/0    18:38   3:51   0:00 
Jussi Jokinen            0  0  0   0  0   3  0  0  0  0  1/1    15:27   0:00   1:18 
Matt Cullen              1  0  1   0  0   2  0  2  0  0  15/21  14:59   0:00   1:17 
Nick Foligno             1  0  1  -2  2   1  0  3  0  0  0/1    18:45   2:08   0:00 
Noah Hanifin             0  0  0   0  0   0  1  0  0  0  0/0    17:36   1:26   0:00 
Radim Vrbata             0  1  1   0  0   6  1  0  0  1  0/0    18:38   3:51   0:00 
Radko Gudas              0  0  0  -2  0   1  6  1  0  0  0/0    21:44   0:00   1:27 
Ryan Dzingel             0  0  0   0  0   1  1  0  0  0  0/0    13:08   0:00   0:00 
Ryan Nugent-Hopkins      0  1  1  -2  0   1  0  0  0  0  14/23  18:27   2:08   0:33 
Tyler Seguin             0  0  0  -2  0   2  0  2  1  0  2/4    18:44   2:08   0:00 
Viktor Stalberg          0  0  0   0  0   0  0  0  0  0  0/0     7:29   0:00   0:00 

Players Stats for Oilers

Player Name              G  A  P  +/- PIM S  H  SB GA TA FO     MP     PP MP  PK MP  
------------------------------------------------------------------------------------
Aaron Ekblad             0  0  0  -1  0   0  2  2  0  1  0/0    18:26   0:31   2:18 
Cameron Gaunce           0  0  0   0  0   0  1  0  0  0  0/0     4:08   0:00   0:00 
Chris Kelly              0  0  0   0  0   0  0  0  0  0  0/0     2:02   0:00   0:34 
Chris Porter             0  0  0   1  0   0  0  0  1  0  0/0     5:20   0:00   0:00 
Connor McDavid           0  1  1   1  0   4  1  1  2  1  3/5    27:33   1:05   2:53 
Corey Perry              0  0  0   0  2   5  2  2  0  0  1/4    22:08   1:05   1:13 
Jordan Eberle            1  2  3   1  0   4  0  0  1  0  0/0    15:58   0:54   0:00 
Justin Abdelkader        0  1  1   1  0   2  3  0  1  0  0/1    15:58   0:54   0:00 
Kyle Quincey             0  0  0   2  0   0  1  2  0  1  0/0    10:37   0:00   0:00 
Marc-Edouard Vlasic      0  0  0   1  0   0  1  2  0  0  0/0    26:49   1:28   3:41 
Marco Scandella          0  0  0  -1  0   1  1  1  1  0  0/0    18:26   0:31   2:18 
Mikael Backlund          1  0  1   1  0   4  0  1  0  1  4/14   17:59   0:54   1:46 
Pierre-Alexandre Parente 0  0  0   0  0   2  2  0  1  0  3/7    11:40   0:00   0:00 
Ryan Johansen            0  0  0   0  0   5  2  0  0  1  14/35  23:39   1:05   2:58 
Seth Jones               1  0  1   1  0   3  1  0  0  0  0/0    26:49   1:28   3:41 
Sonny Milano             0  0  0   0  0   1  1  0  0  1  0/0    11:40   0:00   0:00 
Tyler Motte              0  0  0   0  0   3  0  1  0  0  0/0    13:08   0:00   1:21 
Vernon Fiddler           0  0  0   1  2   0  1  0  0  1  1/3     6:32   0:00   1:13 
Vince Dunn               0  0  0   0  4   0  0  0  0  0  0/0     4:28   0:00   0:00 
Zbynek Michalek          0  1  1   2  0   1  1  0  0  0  0/0    10:37   0:00   0:00 

3 Stars

1 - Jordan Eberle (EDM)
2 - Seth Jones (EDM)
3 - Mikael Backlund (EDM)

Power Play

Lightning - 1 on 4 Attempt(s) - 25,00%
Oilers - 0 on 1 Attempt(s) - 0,00%

Penalty Kill

Lightning - 1 on 1 Attempt(s) - 100,00% - Score 0 goal in Penalty Kill
Oilers - 3 on 4 Attempt(s) - 75,00% - Score 0 goal in Penalty Kill

Team Stat

Lightning - Hits : 17 - Faceoff Wins : 43 - Blocked Shots : 15 - Penalty Minutes : 2
Oilers - Hits : 20 - Faceoff Wins : 26 - Blocked Shots : 12 - Penalty Minutes : 8

Official

Referees : Brad Meier and Dan O'Halloran
Linesman : Jay Sharrers and Derek Amell

Game Notes

No Game Note

Finance

Level 1 -- Attendance: 4186 (69,77%) -- Ticket Income 439 530 $
Level 2 -- Attendance: 3501 (70,02%) -- Ticket Income 227 565 $
Level 3 -- Attendance: 1834 (91,70%) -- Ticket Income 69 692 $
Level 4 -- Attendance: 3626 (90,65%) -- Ticket Income 83 398 $
Luxury Box -- Attendance: 963 (96,30%) -- Ticket Income 182 970 $
Game was played at the Edmonton Coliseum.
Total Attendance: 14110 (78,39%)
Total Ticket Income: 1 003 155 $
Other Income: 491 546 $
Total Income: 1 494 701 $

Lightning

5 vs 5 Forward 
   Center                   Left Wing                Right Wing               Time % Phy DF OF 
 1 Ryan Nugent-Hopkins      Nick Foligno             Tyler Seguin             31     0   1  4  
 2 Matt Cullen              Radim Vrbata             Jonathan Marchessault    30     0   1  4  
 3 Antoine Vermette         Ryan Dzingel             Jussi Jokinen            26     0   1  4  
 4 Carl Soderberg           Viktor Stalberg          Drew Stafford            13     0   1  4  

5 vs 5 Defense 
   Defense                  Defense                                           Time % Phy DF OF 
 1 Andrej Sekera            Radko Gudas                                       40     0   1  4  
 2 Dennis Seidenberg        Johnny Boychuk                                    30     0   1  4  
 3 Noah Hanifin             Colin Miller                                      20     0   1  4  
 4 Andrej Sekera            Dennis Seidenberg                                 10     0   1  4  

PowerPlay Forward 
   Center                   Left Wing                Right Wing               Time % Phy DF OF 
 1 Ryan Nugent-Hopkins      Nick Foligno             Tyler Seguin             50     0   0  5  
 2 Antoine Vermette         Jonathan Marchessault    Radim Vrbata             50     0   0  5  

PowerPlay Defense
   Defense                  Defense                                           Time % Phy DF OF 
 1 Andrej Sekera            Johnny Boychuk                                    60     0   1  4  
 2 Noah Hanifin             Dennis Seidenberg                                 40     0   1  4  

Penalty Kill 4 Players Forward 
   Center                   Wing                     Time % Phy DF OF 
 1 Matt Cullen              Jussi Jokinen            60     0   4  1  
 2 Ryan Nugent-Hopkins      Nick Foligno             40     0   4  1  

Penalty Kill 4 Players Defense
   Defense                  Defense                  Time % Phy DF OF 
 1 Dennis Seidenberg        Radko Gudas              60     0   4  1  
 2 Johnny Boychuk           Andrej Sekera            40     0   4  1  

Penalty Kill - 3 Players Forward 
   Forward                                           Time % Phy DF OF 
 1 Antoine Vermette                                  60     0   4  1  
 2 Nick Foligno                                      40     0   4  1  

Penalty Kill - 3 Players Defense
   Defense                  Defense                  Time % Phy DF OF 
 1 Radko Gudas              Dennis Seidenberg        60     0   4  1  
 2 Johnny Boychuk           Andrej Sekera            40     0   4  1  

4 vs 4 Forward 
   Center                   Wing                     Time % Phy DF OF 
 1 Tyler Seguin             Nick Foligno             60     1   2  2  
 2 Antoine Vermette         Ryan Nugent-Hopkins      40     1   2  2  

4 vs 4 Defense
   Defense                  Defense                  Time % Phy DF OF 
 1 Radko Gudas              Andrej Sekera            60     1   2  2  
 2 Johnny Boychuk           Noah Hanifin             40     1   2  2  

Last Minutes Offensive
   Center                   Left Wing                Right Wing               Defense                  Defense                  
   Tyler Seguin             Nick Foligno             Jussi Jokinen            Radko Gudas              Johnny Boychuk           

Last Minutes Defensive
   Center                   Left Wing                Right Wing               Defense                  Defense                  
   Matt Cullen              Nick Foligno             Jussi Jokinen            Colin Miller             Noah Hanifin             

Goaltenders
Starting : Braden Holtby            
Backup : Eddie Lack               

Extra Forwards
Normal : Tyler Seguin, Jonathan Marchessault, Drew Stafford - PP : Tyler Seguin, Ryan Nugent-Hopkins - PK : Matt Cullen
Extra Defensemen
Normal : Johnny Boychuk, Colin Miller, Dennis Seidenberg - PP : Johnny Boychuk - PK : Andrej Sekera, Dennis Seidenberg
Penalty Shots
Tyler Seguin, Radim Vrbata, Ryan Nugent-Hopkins, Jonathan Marchessault, Matt Cullen
Custom OT Lines Forwards
Tyler Seguin, Nick Foligno, Radim Vrbata, Ryan Nugent-Hopkins, Matt Cullen, Jonathan Marchessault, Jussi Jokinen, Ryan Dzingel, Drew Stafford, Viktor Stalberg
Custom OT Lines Defensemen
Colin Miller, Dennis Seidenberg, Radko Gudas, Noah Hanifin, Johnny Boychuk

Scratches
Eric Tangradi (Healthy), Michal Rozsival (Healthy)

Oilers

5 vs 5 Forward 
   Center                   Left Wing                Right Wing               Time % Phy DF OF 
 1 Ryan Johansen            Connor McDavid           Corey Perry              40     1   2  2  
 2 Mikael Backlund          Justin Abdelkader        Jordan Eberle            30     1   2  2  
 3 Pierre-Alexandre ParenteaTyler Motte              Sonny Milano             20     1   2  2  
 4 Vernon Fiddler           Chris Porter             Connor McDavid           10     1   2  2  

5 vs 5 Defense 
   Defense                  Defense                                           Time % Phy DF OF 
 1 Seth Jones               Marc-Edouard Vlasic                               40     1   2  2  
 2 Aaron Ekblad             Marco Scandella                                   30     1   2  2  
 3 Kyle Quincey             Zbynek Michalek                                   20     1   2  2  
 4 Cameron Gaunce           Vince Dunn                                        10     1   2  2  

PowerPlay Forward 
   Center                   Left Wing                Right Wing               Time % Phy DF OF 
 1 Ryan Johansen            Connor McDavid           Corey Perry              60     1   2  2  
 2 Mikael Backlund          Justin Abdelkader        Jordan Eberle            40     1   2  2  

PowerPlay Defense
   Defense                  Defense                                           Time % Phy DF OF 
 1 Seth Jones               Marc-Edouard Vlasic                               60     1   2  2  
 2 Aaron Ekblad             Marco Scandella                                   40     1   2  2  

Penalty Kill 4 Players Forward 
   Center                   Wing                     Time % Phy DF OF 
 1 Connor McDavid           Ryan Johansen            60     1   2  2  
 2 Mikael Backlund          Corey Perry              40     1   2  2  

Penalty Kill 4 Players Defense
   Defense                  Defense                  Time % Phy DF OF 
 1 Seth Jones               Marc-Edouard Vlasic      60     1   2  2  
 2 Aaron Ekblad             Marco Scandella          40     1   2  2  

Penalty Kill - 3 Players Forward 
   Forward                                           Time % Phy DF OF 
 1 Connor McDavid                                    60     1   2  2  
 2 Ryan Johansen                                     40     1   2  2  

Penalty Kill - 3 Players Defense
   Defense                  Defense                  Time % Phy DF OF 
 1 Seth Jones               Marc-Edouard Vlasic      60     1   2  2  
 2 Aaron Ekblad             Marco Scandella          40     1   2  2  

4 vs 4 Forward 
   Center                   Wing                     Time % Phy DF OF 
 1 Connor McDavid           Ryan Johansen            60     1   2  2  
 2 Mikael Backlund          Corey Perry              40     1   2  2  

4 vs 4 Defense
   Defense                  Defense                  Time % Phy DF OF 
 1 Seth Jones               Marc-Edouard Vlasic      60     1   2  2  
 2 Aaron Ekblad             Marco Scandella          40     1   2  2  

Last Minutes Offensive
   Center                   Left Wing                Right Wing               Defense                  Defense                  
   Ryan Johansen            Connor McDavid           Corey Perry              Seth Jones               Marc-Edouard Vlasic      

Last Minutes Defensive
   Center                   Left Wing                Right Wing               Defense                  Defense                  
   Ryan Johansen            Connor McDavid           Corey Perry              Seth Jones               Marc-Edouard Vlasic      

Goaltenders
Starting : Thomas Greiss            
Backup : Antti Niemi              

Extra Forwards
Normal : Chris Kelly, Pierre-Alexandre Parenteau, Vernon Fiddler - PP : Chris Kelly, Pierre-Alexandre Parenteau - PK : Vernon Fiddler
Extra Defensemen
Normal : Kyle Quincey, Zbynek Michalek, Cameron Gaunce - PP : Kyle Quincey - PK : Zbynek Michalek, Cameron Gaunce
Penalty Shots
Connor McDavid, Ryan Johansen, Mikael Backlund, Corey Perry, Jordan Eberle
Custom OT Lines Forwards
Connor McDavid, Ryan Johansen, Mikael Backlund, Corey Perry, Jordan Eberle, Justin Abdelkader, Pierre-Alexandre Parenteau, Vernon Fiddler, Chris Kelly, Tyler Motte
Custom OT Lines Defensemen
Seth Jones, Marc-Edouard Vlasic, Aaron Ekblad, Marco Scandella, Kyle Quincey

Scratches
Andrew Rowe (Healthy), Zach Palmquist (Healthy)

% Time on Ice - Lightning

Lines # - Real PCT - Wanted PCT - Time Play
Normal Forward
1 - 31% - 31% - 15:35
2 - 29% - 30% - 14:49
3 - 26% - 26% - 13:08
4 - 15% - 13% - 7:29
Normal Defense
1 - 38% - 40% - 19:35
2 - 28% - 30% - 14:12
3 - 30% - 20% - 15:13
4 - 4% - 10% - 2:01
PP Forward
1 - 36% - 50% - 2:08
2 - 64% - 50% - 3:51
PP Defense
1 - 76% - 60% - 4:33
2 - 24% - 40% - 1:26
PK Forward
1 - 72% - 60% - 1:26
2 - 28% - 40% - 0:33
PK Defense
1 - 73% - 60% - 1:27
2 - 27% - 40% - 0:32
PK3 Forward
1 - 0% - 60%
2 - 0% - 40%
PK3 Defense
1 - 0% - 60%
2 - 0% - 40%
44 Forward
1 - 0% - 60%
2 - 0% - 40%
44 Defense
1 - 0% - 60%
2 - 0% - 40%
Last Minute Offensive  - 1:01
Last Minute Defensive  - 0:00
Total
Forward - 60:00
Defense - 60:00

% Time on Ice - Oilers

Lines # - Real PCT - Wanted PCT - Time Play
Normal Forward
1 - 36% - 40% - 18:33
2 - 30% - 30% - 15:19
3 - 23% - 20% - 11:40
4 - 10% - 10% - 5:20
Normal Defense
1 - 40% - 40% - 20:30
2 - 31% - 30% - 15:37
3 - 21% - 20% - 10:37
4 - 8% - 10% - 4:08
PP Forward
1 - 55% - 60% - 1:05
2 - 45% - 40% - 0:54
PP Defense
1 - 74% - 60% - 1:28
2 - 26% - 40% - 0:31
PK Forward
1 - 70% - 60% - 4:13
2 - 30% - 40% - 1:46
PK Defense
1 - 62% - 60% - 3:41
2 - 38% - 40% - 2:18
PK3 Forward
1 - 0% - 60%
2 - 0% - 40%
PK3 Defense
1 - 0% - 60%
2 - 0% - 40%
44 Forward
1 - 0% - 60%
2 - 0% - 40%
44 Defense
1 - 0% - 60%
2 - 0% - 40%
Last Minute Offensive  - 0:00
Last Minute Defensive  - 1:10
Total
Forward - 60:00
Defense - 60:00

Play by Play

1st period


0:01 of 1st period - Ryan Nugent-Hopkins wins face-off versus Ryan Johansen in neutral zone.
0:26 of 1st period - Mikael Backlund is hit by Radim Vrbata and loses puck.
0:32 of 1st period - Icing by Mikael Backlund.
0:33 of 1st period - Matt Cullen wins face-off versus Mikael Backlund in Oilers zone.
1:10 of 1st period - Slapshot by Radim Vrbata.
1:10 of 1st period - Shot Misses the Net.
1:18 of 1st period - Wrist shot by Jordan Eberle.
1:18 of 1st period - Stopped by Braden Holtby with a rebound.
1:20 of 1st period - Slapshot by Justin Abdelkader.
1:20 of 1st period - Stopped by Braden Holtby with a rebound.
2:26 of 1st period - Slapshot by Mikael Backlund.
2:26 of 1st period - Shot Misses the Net.
2:28 of 1st period - Slapshot by Seth Jones.
2:28 of 1st period - Shot Blocked by Matt Cullen.
2:30 of 1st period - Snap shot by Mikael Backlund.
2:30 of 1st period - Stopped by Braden Holtby with a rebound.
2:32 of 1st period - Slapshot by Marc-Edouard Vlasic.
2:32 of 1st period - Deflect By Mikael Backlund.
2:32 of 1st period - Shot Blocked by Matt Cullen.
2:32 of 1st period - Puck is out of play.
2:33 of 1st period - Jussi Jokinen wins face-off versus Ryan Johansen in Lightning zone.
2:33 of 1st period - Jussi Jokinen is hit by Aaron Ekblad.
2:39 of 1st period - Andrej Sekera is hit by Corey Perry and loses puck.
3:23 of 1st period - Kyle Quincey is hit by Drew Stafford.
3:28 of 1st period - Off-side.
3:29 of 1st period - Antoine Vermette wins face-off versus Pierre-Alexandre Parenteau in neutral zone.
3:45 of 1st period - Off-side.
3:46 of 1st period - Ryan Johansen wins face-off versus Tyler Seguin in neutral zone.
4:12 of 1st period - Tyler Motte is hit by Ryan Dzingel and loses puck.
5:27 of 1st period - Snap shot by Viktor Stalberg.
5:27 of 1st period - Shot Misses the Net.
6:58 of 1st period - Radim Vrbata is hit by Seth Jones and loses puck.
7:09 of 1st period - Marco Scandella is hit by Colin Miller and loses puck.
7:33 of 1st period - Minor Penalty to Vince Dunn for Roughing.
7:34 of 1st period - Connor McDavid wins face-off versus Ryan Nugent-Hopkins in Oilers zone.
7:39 of 1st period - Icing by Andrej Sekera.
7:40 of 1st period - Connor McDavid wins face-off versus Ryan Nugent-Hopkins in Lightning zone.
8:26 of 1st period - Corey Perry is hit by Antoine Vermette and loses puck.
9:19 of 1st period - Nick Foligno is hit by Aaron Ekblad and loses puck.
9:29 of 1st period - Icing by Noah Hanifin.
9:30 of 1st period - Ryan Nugent-Hopkins wins face-off versus Mikael Backlund in Lightning zone.
9:33 of 1st period - Penalty to Vince Dunn is over, Vince Dunn is back on ice.
10:53 of 1st period - Slapshot by Seth Jones.
10:53 of 1st period - Goal by Seth Jones - Lightning : 0 - Oilers : 1.
10:54 of 1st period - Ryan Johansen wins face-off versus Ryan Nugent-Hopkins in neutral zone.
11:29 of 1st period - Snap shot by Ryan Dzingel.
11:29 of 1st period - Shot Misses the Net.
11:31 of 1st period - Slapshot by Radko Gudas.
11:31 of 1st period - Stopped by Thomas Greiss without a rebound.
11:32 of 1st period - Matt Cullen wins face-off versus Ryan Johansen in Oilers zone.
12:39 of 1st period - Icing by Noah Hanifin.
12:40 of 1st period - Ryan Nugent-Hopkins wins face-off versus Pierre-Alexandre Parenteau in Lightning zone.
12:51 of 1st period - Wrist shot by Ryan Nugent-Hopkins.
12:51 of 1st period - Shot Blocked by Marco Scandella.
13:07 of 1st period - Mikael Backlund is hit by Colin Miller.
13:27 of 1st period - Snap shot by Antoine Vermette.
13:27 of 1st period - Shot Blocked by Kyle Quincey.
13:41 of 1st period - Radim Vrbata is hit by Connor McDavid.
13:47 of 1st period - Snap shot by Jonathan Marchessault.
13:47 of 1st period - Shot Misses the Net.
14:07 of 1st period - Vince Dunn is hit by Radko Gudas and loses puck.
14:32 of 1st period - Snap shot by Radim Vrbata.
14:32 of 1st period - Stopped by Thomas Greiss with a rebound.
14:34 of 1st period - Snap shot by Jonathan Marchessault.
14:34 of 1st period - Stopped by Thomas Greiss without a rebound.
14:35 of 1st period - Ryan Johansen wins face-off versus Matt Cullen in Oilers zone.
14:55 of 1st period - Snap shot by Jonathan Marchessault.
14:55 of 1st period - Shot Blocked by Marc-Edouard Vlasic.
14:57 of 1st period - Slapshot by Dennis Seidenberg.
14:57 of 1st period - Stopped by Thomas Greiss without a rebound.
14:58 of 1st period - Ryan Nugent-Hopkins wins face-off versus Mikael Backlund in Oilers zone.
15:25 of 1st period - Antoine Vermette is hit by Pierre-Alexandre Parenteau and loses puck.
15:32 of 1st period - Snap shot by Tyler Motte.
15:32 of 1st period - Stopped by Braden Holtby with a rebound.
15:34 of 1st period - Wrist shot by Tyler Motte.
15:34 of 1st period - Stopped by Braden Holtby without a rebound.
15:35 of 1st period - Antoine Vermette wins face-off versus Corey Perry in Lightning zone.
16:06 of 1st period - Slapshot by Radim Vrbata.
16:06 of 1st period - Stopped by Thomas Greiss without a rebound.
16:07 of 1st period - Matt Cullen wins face-off versus Mikael Backlund in Oilers zone.
16:14 of 1st period - Wrist shot by Radim Vrbata.
16:14 of 1st period - Stopped by Thomas Greiss with a rebound.
16:16 of 1st period - Slapshot by Matt Cullen.
16:16 of 1st period - Stopped by Thomas Greiss with a rebound.
16:18 of 1st period - Wrist shot by Matt Cullen.
16:18 of 1st period - Shot Misses the Net.
16:20 of 1st period - Snap shot by Matt Cullen.
16:20 of 1st period - Goal by Matt Cullen - Lightning : 1 - Oilers : 1.
16:21 of 1st period - Tyler Seguin wins face-off versus Ryan Johansen in neutral zone.
16:36 of 1st period - Snap shot by Tyler Seguin.
16:36 of 1st period - Shot Misses the Net.
16:38 of 1st period - Backhand shot by Nick Foligno.
16:38 of 1st period - Shot Blocked by Corey Perry.
16:54 of 1st period - Slapshot by Carl Soderberg.
16:54 of 1st period - Shot Misses the Net.
16:56 of 1st period - Snap shot by Carl Soderberg.
16:56 of 1st period - Deflect By Drew Stafford.
16:56 of 1st period - Shot Misses the Net.
16:56 of 1st period - Puck is out of play.
16:57 of 1st period - Pierre-Alexandre Parenteau wins face-off versus Antoine Vermette in Oilers zone.
18:30 of 1st period - Off-side.
18:31 of 1st period - Mikael Backlund wins face-off versus Ryan Nugent-Hopkins in neutral zone.
18:38 of 1st period - Wrist shot by Jordan Eberle.
18:38 of 1st period - Deflect By Mikael Backlund.
18:38 of 1st period - Goal by Mikael Backlund - Lightning : 1 - Oilers : 2.
18:39 of 1st period - Ryan Nugent-Hopkins wins face-off versus Ryan Johansen in neutral zone.
18:41 of 1st period - Minor Penalty to Nick Foligno for Hooking.
18:42 of 1st period - Matt Cullen wins face-off versus Ryan Johansen in Lightning zone.
18:53 of 1st period - Slapshot by Seth Jones.
18:53 of 1st period - Shot Misses the Net.
18:55 of 1st period - Wrist shot by Connor McDavid.
18:55 of 1st period - Shot Misses the Net.
19:33 of 1st period - Marco Scandella is hit by Johnny Boychuk and loses puck.
19:40 of 1st period - Slapshot by Drew Stafford.
19:40 of 1st period - Shot Blocked by Aaron Ekblad.
Goals for this period are 1 for Lightning vs 2 for Oilers.
Shots for this period are 8 for Lightning vs 7 for Oilers.

2nd period


0:01 of 2nd period - Matt Cullen wins face-off versus Ryan Johansen in neutral zone.
0:41 of 2nd period - Penalty to Nick Foligno is over, Nick Foligno is back on ice.
1:02 of 2nd period - Wrist shot by Tyler Motte.
1:02 of 2nd period - Shot Misses the Net.
1:22 of 2nd period - Icing by Jussi Jokinen.
1:23 of 2nd period - Antoine Vermette wins face-off versus Vernon Fiddler in Lightning zone.
1:28 of 2nd period - Snap shot by Ryan Dzingel.
1:28 of 2nd period - Shot Misses the Net.
1:38 of 2nd period - Slapshot by Seth Jones.
1:38 of 2nd period - Shot Blocked by Antoine Vermette.
1:57 of 2nd period - Slapshot by Connor McDavid.
1:57 of 2nd period - Deflect By Vernon Fiddler.
1:57 of 2nd period - Shot Misses the Net.
1:57 of 2nd period - Puck is out of play.
1:58 of 2nd period - Mikael Backlund wins face-off versus Ryan Nugent-Hopkins in Lightning zone.
2:01 of 2nd period - Snap shot by Jordan Eberle.
2:01 of 2nd period - Stopped by Braden Holtby with a rebound.
2:03 of 2nd period - Slapshot by Zbynek Michalek.
2:03 of 2nd period - Shot Hit the Post.
2:05 of 2nd period - Snap shot by Zbynek Michalek.
2:05 of 2nd period - Shot Blocked by Nick Foligno.
2:07 of 2nd period - Snap shot by Justin Abdelkader.
2:07 of 2nd period - Shot Misses the Net.
2:09 of 2nd period - Wrist shot by Jordan Eberle.
2:09 of 2nd period - Goal by Jordan Eberle - Lightning : 1 - Oilers : 3.
2:10 of 2nd period - Ryan Nugent-Hopkins wins face-off versus Ryan Johansen in neutral zone.
2:22 of 2nd period - Nick Foligno is hit by Ryan Johansen and loses puck.
2:37 of 2nd period - Marc-Edouard Vlasic is hit by Radko Gudas and loses puck.
2:46 of 2nd period - Wrist shot by Radim Vrbata.
2:46 of 2nd period - Shot Blocked by Mikael Backlund.
2:48 of 2nd period - Slapshot by Radko Gudas.
2:48 of 2nd period - Shot Misses the Net.
2:58 of 2nd period - Snap shot by Mikael Backlund.
2:58 of 2nd period - Shot Misses the Net.
3:00 of 2nd period - Slapshot by Marco Scandella.
3:00 of 2nd period - Deflect By Jussi Jokinen.
3:00 of 2nd period - Stopped by Braden Holtby with a rebound.
3:02 of 2nd period - Snap shot by Tyler Motte.
3:02 of 2nd period - Stopped by Braden Holtby without a rebound.
3:03 of 2nd period - Ryan Nugent-Hopkins wins face-off versus Pierre-Alexandre Parenteau in Lightning zone.
3:23 of 2nd period - Wrist shot by Pierre-Alexandre Parenteau.
3:23 of 2nd period - Deflect By Ryan Nugent-Hopkins.
3:23 of 2nd period - Stopped by Braden Holtby with a rebound.
3:25 of 2nd period - Snap shot by Zbynek Michalek.
3:25 of 2nd period - Shot Blocked by Dennis Seidenberg.
3:27 of 2nd period - Slapshot by Seth Jones.
3:27 of 2nd period - Stopped by Braden Holtby without a rebound.
3:28 of 2nd period - Matt Cullen wins face-off versus Ryan Johansen in Lightning zone.
3:35 of 2nd period - Wrist shot by Connor McDavid.
3:35 of 2nd period - Shot Misses the Net.
3:37 of 2nd period - Wrist shot by Corey Perry.
3:37 of 2nd period - Stopped by Braden Holtby without a rebound.
3:38 of 2nd period - Matt Cullen wins face-off versus Ryan Johansen in Lightning zone.
3:53 of 2nd period - Slapshot by Ryan Johansen.
3:53 of 2nd period - Stopped by Braden Holtby without a rebound.
3:54 of 2nd period - Ryan Nugent-Hopkins wins face-off versus Justin Abdelkader in Lightning zone.
4:05 of 2nd period - Wrist shot by Mikael Backlund.
4:05 of 2nd period - Deflect By Jordan Eberle.
4:05 of 2nd period - Shot Misses the Net.
4:05 of 2nd period - Puck is out of play.
4:06 of 2nd period - Ryan Johansen wins face-off versus Matt Cullen in Lightning zone.
4:23 of 2nd period - Slapshot by Corey Perry.
4:23 of 2nd period - Shot Misses the Net.
4:42 of 2nd period - Wrist shot by Ryan Nugent-Hopkins.
4:42 of 2nd period - Shot Misses the Net.
4:44 of 2nd period - Slapshot by Dennis Seidenberg.
4:44 of 2nd period - Deflect By Aaron Ekblad.
4:44 of 2nd period - Stopped by Thomas Greiss with a rebound.
4:46 of 2nd period - Slapshot by Tyler Seguin.
4:46 of 2nd period - Stopped by Thomas Greiss without a rebound.
4:47 of 2nd period - Antoine Vermette wins face-off versus Ryan Johansen in Oilers zone.
4:50 of 2nd period - Snap shot by Jussi Jokinen.
4:50 of 2nd period - Stopped by Thomas Greiss without a rebound.
4:51 of 2nd period - Ryan Johansen wins face-off versus Antoine Vermette in Oilers zone.
4:51 of 2nd period - Ryan Johansen is hit by Radko Gudas.
5:13 of 2nd period - Minor Penalty to Vince Dunn for Hooking.
5:14 of 2nd period - Antoine Vermette wins face-off versus Connor McDavid in Oilers zone.
5:15 of 2nd period - Wrist shot by Jonathan Marchessault.
5:15 of 2nd period - Shot Blocked by Connor McDavid.
7:13 of 2nd period - Penalty to Vince Dunn is over, Vince Dunn is back on ice.
7:25 of 2nd period - Viktor Stalberg is hit by Sonny Milano and loses puck.
8:00 of 2nd period - Dennis Seidenberg is hit by Zbynek Michalek and loses puck.
8:17 of 2nd period - Vince Dunn is hit by Drew Stafford and loses puck.
9:17 of 2nd period - Andrej Sekera is hit by Vernon Fiddler and loses puck.
10:20 of 2nd period - Carl Soderberg is hit by Ryan Johansen and loses puck.
10:56 of 2nd period - Johnny Boychuk is hit by Pierre-Alexandre Parenteau.
11:07 of 2nd period - Icing by Ryan Dzingel.
11:08 of 2nd period - Vernon Fiddler wins face-off versus Antoine Vermette in Lightning zone.
11:18 of 2nd period - Minor Penalty to Vernon Fiddler for Diving.
11:19 of 2nd period - Ryan Nugent-Hopkins wins face-off versus Connor McDavid in Oilers zone.
11:20 of 2nd period - Snap shot by Nick Foligno.
11:20 of 2nd period - Goal by Nick Foligno - Lightning : 2 - Oilers : 3.
11:21 of 2nd period - Ryan Nugent-Hopkins wins face-off versus Corey Perry in neutral zone.
11:35 of 2nd period - Slapshot by Ryan Johansen.
11:35 of 2nd period - Stopped by Braden Holtby with a rebound.
11:37 of 2nd period - Snap shot by Ryan Johansen.
11:37 of 2nd period - Shot Misses the Net.
11:53 of 2nd period - Wrist shot by Jonathan Marchessault.
11:53 of 2nd period - Stopped by Thomas Greiss without a rebound.
11:54 of 2nd period - Corey Perry wins face-off versus Matt Cullen in Oilers zone.
11:56 of 2nd period - Minor Penalty to Corey Perry for Slashing.
11:57 of 2nd period - Connor McDavid wins face-off versus Antoine Vermette in Oilers zone.
13:56 of 2nd period - Penalty to Corey Perry is over, Corey Perry is back on ice.
14:28 of 2nd period - Snap shot by Antoine Vermette.
14:28 of 2nd period - Stopped by Thomas Greiss with a rebound.
14:30 of 2nd period - Slapshot by Johnny Boychuk.
14:30 of 2nd period - Stopped by Thomas Greiss with a rebound.
14:32 of 2nd period - Wrist shot by Antoine Vermette.
14:32 of 2nd period - Stopped by Thomas Greiss with a rebound.
14:42 of 2nd period - Slapshot by Jonathan Marchessault.
14:42 of 2nd period - Shot Misses the Net.
14:44 of 2nd period - Slapshot by Radim Vrbata.
14:44 of 2nd period - Stopped by Thomas Greiss with a rebound.
14:46 of 2nd period - Slapshot by Andrej Sekera.
14:46 of 2nd period - Stopped by Thomas Greiss without a rebound.
14:47 of 2nd period - Ryan Nugent-Hopkins wins face-off versus Mikael Backlund in Oilers zone.
16:11 of 2nd period - Icing by Vince Dunn.
16:12 of 2nd period - Mikael Backlund wins face-off versus Ryan Nugent-Hopkins in Oilers zone.
16:24 of 2nd period - Snap shot by Mikael Backlund.
16:24 of 2nd period - Deflect By Colin Miller.
16:24 of 2nd period - Stopped by Braden Holtby without a rebound.
16:25 of 2nd period - Carl Soderberg wins face-off versus Mikael Backlund in Lightning zone.
16:32 of 2nd period - Wrist shot by Jordan Eberle.
16:32 of 2nd period - Stopped by Braden Holtby without a rebound.
16:33 of 2nd period - Ryan Nugent-Hopkins wins face-off versus Corey Perry in Lightning zone.
16:33 of 2nd period - Ryan Nugent-Hopkins is hit by Corey Perry.
16:44 of 2nd period - Off-side.
16:45 of 2nd period - Ryan Johansen wins face-off versus Ryan Nugent-Hopkins in neutral zone.
16:50 of 2nd period - Wrist shot by Corey Perry.
16:50 of 2nd period - Stopped by Braden Holtby without a rebound.
16:51 of 2nd period - Ryan Nugent-Hopkins wins face-off versus Ryan Johansen in Lightning zone.
17:29 of 2nd period - Snap shot by Connor McDavid.
17:29 of 2nd period - Stopped by Braden Holtby with a rebound.
17:47 of 2nd period - Slapshot by Ryan Johansen.
17:47 of 2nd period - Shot Misses the Net.
17:49 of 2nd period - Wrist shot by Connor McDavid.
17:49 of 2nd period - Shot Misses the Net.
18:05 of 2nd period - Snap shot by Connor McDavid.
18:05 of 2nd period - Stopped by Braden Holtby with a rebound.
18:07 of 2nd period - Wrist shot by Ryan Johansen.
18:07 of 2nd period - Shot Misses the Net.
18:09 of 2nd period - Wrist shot by Corey Perry.
18:09 of 2nd period - Stopped by Braden Holtby with a rebound.
18:11 of 2nd period - Slapshot by Marc-Edouard Vlasic.
18:11 of 2nd period - Shot Misses the Net.
18:13 of 2nd period - Snap shot by Connor McDavid.
18:13 of 2nd period - Shot Blocked by Nick Foligno.
18:15 of 2nd period - Wrist shot by Corey Perry.
18:15 of 2nd period - Shot Misses the Net.
19:39 of 2nd period - Slapshot by Ryan Johansen.
19:39 of 2nd period - Stopped by Braden Holtby without a rebound.
19:40 of 2nd period - Matt Cullen wins face-off versus Mikael Backlund in Lightning zone.
19:40 of 2nd period - Matt Cullen is hit by Justin Abdelkader.
Goals for this period are 1 for Lightning vs 1 for Oilers.
Shots for this period are 10 for Lightning vs 16 for Oilers.

3rd period


0:01 of 3rd period - Ryan Johansen wins face-off versus Antoine Vermette in neutral zone.
0:15 of 3rd period - Off-side.
0:16 of 3rd period - Mikael Backlund wins face-off versus Matt Cullen in neutral zone.
0:22 of 3rd period - Icing by Radko Gudas.
0:23 of 3rd period - Matt Cullen wins face-off versus Mikael Backlund in Lightning zone.
0:36 of 3rd period - Andrej Sekera is hit by Justin Abdelkader and loses puck.
1:01 of 3rd period - Wrist shot by Tyler Seguin.
1:01 of 3rd period - Shot Blocked by Aaron Ekblad.
1:03 of 3rd period - Snap shot by Andrej Sekera.
1:03 of 3rd period - Deflect By Tyler Seguin.
1:03 of 3rd period - Stopped by Thomas Greiss without a rebound.
1:04 of 3rd period - Antoine Vermette wins face-off versus Ryan Johansen in Oilers zone.
1:13 of 3rd period - Snap shot by Ryan Johansen.
1:13 of 3rd period - Shot Misses the Net.
1:15 of 3rd period - Wrist shot by Corey Perry.
1:15 of 3rd period - Shot Misses the Net.
1:17 of 3rd period - Snap shot by Zbynek Michalek.
1:17 of 3rd period - Stopped by Braden Holtby without a rebound.
1:18 of 3rd period - Matt Cullen wins face-off versus Ryan Johansen in Lightning zone.
1:43 of 3rd period - Mikael Backlund is hit by Radko Gudas and loses puck.
2:35 of 3rd period - Snap shot by Jussi Jokinen.
2:35 of 3rd period - Stopped by Thomas Greiss without a rebound.
2:36 of 3rd period - Ryan Johansen wins face-off versus Matt Cullen in Oilers zone.
2:53 of 3rd period - Wrist shot by Corey Perry.
2:53 of 3rd period - Shot Blocked by Dennis Seidenberg.
3:16 of 3rd period - Slapshot by Johnny Boychuk.
3:16 of 3rd period - Stopped by Thomas Greiss without a rebound.
3:17 of 3rd period - Carl Soderberg wins face-off versus Pierre-Alexandre Parenteau in Oilers zone.
3:42 of 3rd period - Jonathan Marchessault is hit by Kyle Quincey and loses puck.
4:00 of 3rd period - Corey Perry is hit by Noah Hanifin.
4:44 of 3rd period - Wrist shot by Ryan Nugent-Hopkins.
4:44 of 3rd period - Stopped by Thomas Greiss without a rebound.
4:45 of 3rd period - Ryan Nugent-Hopkins wins face-off versus Ryan Johansen in Oilers zone.
4:46 of 3rd period - Wrist shot by Tyler Seguin.
4:46 of 3rd period - Shot Misses the Net.
4:56 of 3rd period - Wrist shot by Connor McDavid.
4:56 of 3rd period - Shot Blocked by Tyler Seguin.
5:31 of 3rd period - Wrist shot by Carl Soderberg.
5:31 of 3rd period - Shot Misses the Net.
5:44 of 3rd period - Snap shot by Carl Soderberg.
5:44 of 3rd period - Stopped by Thomas Greiss with a rebound.
5:58 of 3rd period - Snap shot by Carl Soderberg.
5:58 of 3rd period - Deflect By Ryan Dzingel.
5:58 of 3rd period - Stopped by Thomas Greiss with a rebound.
6:00 of 3rd period - Backhand shot by Dennis Seidenberg.
6:00 of 3rd period - Stopped by Thomas Greiss without a rebound.
6:01 of 3rd period - Ryan Johansen wins face-off versus Antoine Vermette in Oilers zone.
6:42 of 3rd period - Jonathan Marchessault is hit by Justin Abdelkader.
7:48 of 3rd period - Snap shot by Pierre-Alexandre Parenteau.
7:48 of 3rd period - Stopped by Braden Holtby with a rebound.
7:50 of 3rd period - Wrist shot by Sonny Milano.
7:50 of 3rd period - Deflect By Jussi Jokinen.
7:50 of 3rd period - Stopped by Braden Holtby with a rebound.
7:52 of 3rd period - Wrist shot by Tyler Motte.
7:52 of 3rd period - Shot Blocked by Johnny Boychuk.
8:12 of 3rd period - Slapshot by Mikael Backlund.
8:12 of 3rd period - Stopped by Braden Holtby without a rebound.
8:13 of 3rd period - Matt Cullen wins face-off versus Ryan Johansen in Lightning zone.
8:13 of 3rd period - Matt Cullen is hit by Cameron Gaunce.
9:19 of 3rd period - Snap shot by Jonathan Marchessault.
9:19 of 3rd period - Stopped by Thomas Greiss with a rebound.
9:35 of 3rd period - Slapshot by Andrej Sekera.
9:35 of 3rd period - Shot Blocked by Marc-Edouard Vlasic.
9:37 of 3rd period - Slapshot by Andrej Sekera.
9:37 of 3rd period - Deflect By Tyler Seguin.
9:37 of 3rd period - Shot Misses the Net.
9:37 of 3rd period - Puck is out of play.
9:38 of 3rd period - Pierre-Alexandre Parenteau wins face-off versus Nick Foligno in Oilers zone.
10:01 of 3rd period - Snap shot by Pierre-Alexandre Parenteau.
10:01 of 3rd period - Shot Misses the Net.
10:06 of 3rd period - Off-side.
10:07 of 3rd period - Antoine Vermette wins face-off versus Ryan Johansen in neutral zone.
10:13 of 3rd period - Off-side.
10:14 of 3rd period - Ryan Johansen wins face-off versus Antoine Vermette in neutral zone.
10:25 of 3rd period - Snap shot by Jussi Jokinen.
10:25 of 3rd period - Stopped by Thomas Greiss without a rebound.
10:26 of 3rd period - Matt Cullen wins face-off versus Ryan Johansen in Oilers zone.
10:29 of 3rd period - Snap shot by Jonathan Marchessault.
10:29 of 3rd period - Stopped by Thomas Greiss with a rebound.
10:31 of 3rd period - Slapshot by Andrej Sekera.
10:31 of 3rd period - Shot Blocked by Corey Perry.
10:33 of 3rd period - Wrist shot by Jonathan Marchessault.
10:33 of 3rd period - Stopped by Thomas Greiss without a rebound.
10:34 of 3rd period - Matt Cullen wins face-off versus Ryan Johansen in Oilers zone.
10:43 of 3rd period - Snap shot by Jonathan Marchessault.
10:43 of 3rd period - Stopped by Thomas Greiss without a rebound.
10:44 of 3rd period - Antoine Vermette wins face-off versus Ryan Johansen in Oilers zone.
11:06 of 3rd period - Aaron Ekblad is hit by Dennis Seidenberg and loses puck.
11:29 of 3rd period - Wrist shot by Ryan Johansen.
11:29 of 3rd period - Stopped by Braden Holtby with a rebound.
11:31 of 3rd period - Slapshot by Corey Perry.
11:31 of 3rd period - Stopped by Braden Holtby with a rebound.
11:37 of 3rd period - Slapshot by Connor McDavid.
11:37 of 3rd period - Stopped by Braden Holtby without a rebound.
11:38 of 3rd period - Matt Cullen wins face-off versus Mikael Backlund in Lightning zone.
12:03 of 3rd period - Ryan Nugent-Hopkins is hit by Marc-Edouard Vlasic.
12:07 of 3rd period - Snap shot by Nick Foligno.
12:07 of 3rd period - Shot Blocked by Tyler Motte.
12:37 of 3rd period - Justin Abdelkader is hit by Radko Gudas and loses puck.
12:44 of 3rd period - Wrist shot by Radim Vrbata.
12:44 of 3rd period - Stopped by Thomas Greiss without a rebound.
12:45 of 3rd period - Pierre-Alexandre Parenteau wins face-off versus Ryan Nugent-Hopkins in Oilers zone.
12:55 of 3rd period - Icing by Ryan Nugent-Hopkins.
12:56 of 3rd period - Ryan Johansen wins face-off versus Ryan Nugent-Hopkins in Lightning zone.
13:01 of 3rd period - Snap shot by Ryan Johansen.
13:01 of 3rd period - Stopped by Braden Holtby without a rebound.
13:02 of 3rd period - Ryan Johansen wins face-off versus Matt Cullen in Lightning zone.
13:05 of 3rd period - Snap shot by Connor McDavid.
13:05 of 3rd period - Shot Misses the Net.
13:36 of 3rd period - Icing by Mikael Backlund.
13:37 of 3rd period - Matt Cullen wins face-off versus Mikael Backlund in Oilers zone.
13:38 of 3rd period - Slapshot by Radim Vrbata.
13:38 of 3rd period - Stopped by Thomas Greiss with a rebound.
13:48 of 3rd period - Slapshot by Mikael Backlund.
13:48 of 3rd period - Shot Misses the Net.
13:56 of 3rd period - Slapshot by Justin Abdelkader.
13:56 of 3rd period - Stopped by Braden Holtby without a rebound.
13:57 of 3rd period - Ryan Johansen wins face-off versus Antoine Vermette in Lightning zone.
14:24 of 3rd period - Jussi Jokinen is hit by Marco Scandella and loses puck.
14:37 of 3rd period - Snap shot by Sonny Milano.
14:37 of 3rd period - Shot Misses the Net.
15:49 of 3rd period - Snap shot by Jonathan Marchessault.
15:49 of 3rd period - Shot Misses the Net.
15:51 of 3rd period - Snap shot by Jonathan Marchessault.
15:51 of 3rd period - Shot Misses the Net.
15:53 of 3rd period - Wrist shot by Jonathan Marchessault.
15:53 of 3rd period - Stopped by Thomas Greiss without a rebound.
15:54 of 3rd period - Carl Soderberg wins face-off versus Vernon Fiddler in Oilers zone.
17:10 of 3rd period - Wrist shot by Connor McDavid.
17:10 of 3rd period - Shot Blocked by Drew Stafford.
17:42 of 3rd period - Mikael Backlund is hit by Johnny Boychuk and loses puck.
17:49 of 3rd period - Slapshot by Ryan Dzingel.
17:49 of 3rd period - Shot Blocked by Kyle Quincey.
18:56 of 3rd period - Slapshot by Connor McDavid.
18:56 of 3rd period - Stopped by Braden Holtby with a rebound.
18:58 of 3rd period - Snap shot by Connor McDavid.
18:58 of 3rd period - Deflect By Corey Perry.
18:58 of 3rd period - Deflect By Drew Stafford.
18:58 of 3rd period - Shot Blocked by Andrej Sekera.
18:58 of 3rd period - Puck is out of play.
18:59 of 3rd period - Ken Hitchcock call a timeout for Lightning.
18:59 of 3rd period - Tyler Seguin wins face-off versus Ryan Johansen in Lightning zone.
19:04 of 3rd period - Ryan Johansen is hit by Radko Gudas and loses puck.
19:12 of 3rd period - Off-side.
19:13 of 3rd period - Ryan Johansen wins face-off versus Tyler Seguin in neutral zone.
19:16 of 3rd period - Slapshot by Marc-Edouard Vlasic.
19:16 of 3rd period - Shot Blocked by Nick Foligno.
19:18 of 3rd period - Snap shot by Marc-Edouard Vlasic.
19:18 of 3rd period - Shot Misses the Net.
19:20 of 3rd period - Snap shot by Connor McDavid.
19:20 of 3rd period - Shot Misses the Net.
19:49 of 3rd period - Wrist shot by Ryan Johansen.
19:49 of 3rd period - Shot Misses the Net.
19:51 of 3rd period - Snap shot by Connor McDavid.
19:51 of 3rd period - Shot Blocked by Johnny Boychuk.
19:53 of 3rd period - Wrist shot by Seth Jones.
19:53 of 3rd period - Stopped by Braden Holtby with a rebound.
19:55 of 3rd period - Wrist shot by Marc-Edouard Vlasic.
19:55 of 3rd period - Shot Blocked by Radko Gudas.
19:57 of 3rd period - Slapshot by Marc-Edouard Vlasic.
19:57 of 3rd period - Shot Blocked by Tyler Seguin.
19:59 of 3rd period - Wrist shot by Corey Perry.
19:59 of 3rd period - Stopped by Braden Holtby without a rebound.
Goals for this period are 0 for Lightning vs 0 for Oilers.
Shots for this period are 15 for Lightning vs 12 for Oilers.